 Dungeon Crawl Stone Soup version 0.28.0-45-g0d030f2227 (webtiles) character file.

Game seed: 6260342287748662560

182710 CryoSword the Earth Mage (level 18, -1/117 HPs)
             Began as a Gargoyle Earth Elementalist on Apr 14, 2022.
             Was the Champion of the Shining One.
             Killed from afar by a merfolk aquamancer (39 damage)
             ... with a ball of steam
             ... on level 2 of the Shoals.
             The game lasted 01:31:55 (37199 turns).

CryoSword the Earth Mage (GrEE)                    Turns: 37199, Time: 01:31:55

Health: -1/117     AC: 32    Str: 18    XL:     18   Next: 35%
Magic:  18/27      EV: 11    Int: 24    God:    the Shining One [******]
Gold:   2173       SH: 11    Dex: 10    Spells: 13/29 levels left

rFire   . . .      SeeInvis .   s - +8 sacred scourge (holy)
rCold   . . .      Faith    .   d - +0 kite shield
rNeg    + + +      Spirit   .   F - +0 troll leather armour
rPois   ∞          Reflect  .   o - +1 helmet {Int+3}
rElec   +          Harm     .   G - +0 cloak
rCorr   .          Rampage  .   B - +1 pair of gloves
Will    ++...                   n - +1 pair of boots
Stlth   +.........              k - amulet of magic regeneration
HPRegen 1.09/turn               r - ring of willpower
MPRegen 0.60/turn               L - ring of Propriety {AC+4 Str+3 Slay+3 Stlth+, =R}

@: flying, glowing
A: sickness immunity, AC +13, big wings, negative energy resistance 1,
electricity resistance, torment resistance 1, petrification resistance
a: Renounce Religion, Divine Shield, Cleansing Flame, Summon Divine Warrior


You were on level 2 of the Shoals.
You worshipped the Shining One.
The Shining One was exalted by your worship.
You visited 6 branches of the dungeon, and saw 29 of its levels.
You also visited: Ice Cave and Volcano.

You collected 2653 gold pieces.
You spent 480 gold pieces at shops.

Inventory:

Hand Weapons
 s - a +8 sacred scourge of holy wrath (weapon) (the Shining One gifted it to you on level 13 of the Dungeon)
Missiles
 b - 43 boomerangs
 c - 236 stones
 h - 3 throwing nets
 i - 3 poisoned darts
 t - 2 atropa-tipped darts
 I - 7 curare-tipped darts
Armour
 d - a +0 kite shield (worn)
   (You found it on level 4 of the Dungeon)
 n - a +1 pair of boots (worn)
   (You found it on level 6 of the Dungeon)
 o - a +1 helmet of intelligence (worn)
   (You took it off Robin on level 2 of the Dungeon)
 B - a +1 pair of gloves (worn)
   (You found it on level 7 of the Dungeon)
 F - a +0 troll leather armour (worn)
   (You found it on level 7 of the Dungeon)
 G - a +0 cloak (worn)
   (You took it off Maurice on level 8 of the Dungeon)
Magical Staves
 w - a staff of earth
   (You acquired it on level 3 of the Dungeon)
Jewellery
 a - a ring of magical power
   (You bought it in a shop on level 2 of the Orcish Mines)
 k - an amulet of magic regeneration (around neck)
   (You found it on level 4 of the Dungeon)
 r - a ring of willpower (left hand)
   (You took it off an orc knight on level 11 of the Dungeon)
 y - a ring of protection from cold
   (You found it on level 1 of the Shoals)
 J - a ring of willpower
   (You found it on level 10 of the Dungeon)
 L - the ring of Propriety (right hand) {AC+4 Str+3 Slay+3 Stlth+, =R}
   (You found it on level 3 of the Spider Nest)

   [ring of protection]

   AC:        It affects your AC (+4).
   Str:       It affects your strength (+3).
   Slay:      It affects your accuracy & damage with ranged weapons and melee
   (+3).
   Stlth:     It makes you more stealthy.
 M - a ring of wizardry
   (You found it on level 10 of the Dungeon)
 P - a ring of protection from cold
   (You found it on level 11 of the Dungeon)
Wands
 D - a wand of iceblast (23) (quivered)
   (You took it off Maggie on level 7 of the Dungeon)
 H - a wand of digging (13)
   (You took it off Ijyb on level 5 of the Dungeon)
 S - a wand of acid (10)
   (You found it on level 6 of the Lair of Beasts)
Scrolls
 e - 9 scrolls of teleportation {@r4}
 m - 8 scrolls of blinking
 p - 7 scrolls of identify {@r1}
 A - a scroll of torment {unknown}
 C - 4 scrolls of fog
 O - 3 scrolls of immolation {!r}
 Q - a scroll of summoning
 V - 2 scrolls of silence
 W - 4 scrolls of magic mapping
Potions
 f - 19 potions of curing {@q1}
 g - 4 potions of magic
 j - 4 potions of might
 l - 7 potions of haste {@q3}
 q - a potion of ambrosia
 u - 3 potions of mutation {!q}
 v - 4 potions of resistance
 x - 3 potions of flight
 z - 3 potions of berserk rage
 E - 3 potions of brilliance
 K - 5 potions of cancellation
 T - 6 potions of lignification {!q}
Miscellaneous
 R - a phantom mirror
   (You found it on level 2 of the Lair of Beasts)


   Skills:
 + Level 14.7 Fighting
 + Level 8.5(9.7) Maces & Flails
 - Level 7.1(9.0) Staves
 + Level 10.1 Armour
 - Level 3.0 Dodging
 - Level 3.4 Stealth
 + Level 11.5 Shields
 - Level 6.0 Spellcasting
 * Level 15.5 Conjurations
 - Level 3.0 Transmutations
 * Level 17.6 Earth Magic
 - Level 12.0 Invocations
 - Level 4.0 Evocations


You had 13 spell levels left.
You knew the following spells:

 Your Spells              Type           Power      Damage    Failure   Level
a - Sandblast             Erth           100%       2d20      0%          1
b - Stone Arrow           Conj/Erth      100%       3d13      1%          3
c - Iron Shot             Conj/Erth      36%        9d7       3%          6
D - Petrify               Tmut/Erth      54%        N/A       2%          4
P - Passwall              Tmut/Erth      45%        N/A       1%          2

Your spell library contained the following spells:

 Spells                   Type           Power      Damage    Failure   Level
 Conjure Flame            Conj/Fire      44%        6-21      2%          3
 Animate Armour           Summ/Erth      98%        N/A       4%          4
 Mephitic Cloud           Conj/Pois/Air  31%        N/A       7%          3
 Flame Wave               Conj/Fire      44%        2d10      8%          4
 Sticky Flame             Conj/Fire      44%        2d6       8%          4
 Borgnjor's Vile Clutch   Necr/Erth      24%        N/A       14%         5
 Animate Skeleton         Necr           14%        N/A       19%         1
 Pain                     Necr           28%        1d5       19%         1
 Summon Small Mammal      Summ           28%        N/A       19%         1
 Fireball                 Conj/Fire      22%        3d10      22%         5
 Ignite Poison            Fire/Tmut/Pois 12%        N/A       36%         3
 Call Canine Familiar     Summ           7%         N/A       50%         3
 Gell's Gravitas          Tloc           7%         N/A       50%         3
 Inner Flame              Hex/Fire       7%         N/A       50%         3
 Lesser Beckoning         Tloc           7%         N/A       50%         3
 Ozocubu's Armour         Ice            7%         N/A       50%         3
 Summon Guardian Golem    Hex/Summ       7%         N/A       50%         3
 Teleport Other           Tloc           7%         N/A       50%         3
 Vampiric Draining        Necr           7%         2d6       50%         3
 Freezing Cloud           Conj/Ice/Air   15%        6-21      54%         5
 Conjure Ball Lightning   Conj/Air       22%        3x3d6     77%         6
 Lehudib's Crystal Spear  Conj/Erth      36%        10d9      80%         8
 Blade Hands              Tmut           10%        N/A       83%         5
 Summon Ice Beast         Ice/Summ       7%         N/A       88%         4
 Alistair's Intoxication  Tmut/Pois      9%         N/A       96%         5
 Metabolic Englaciation   Hex/Ice        3%         N/A       99%         5
 Summon Mana Viper        Hex/Summ       7%         N/A       99%         5
 Eringya's Noxious Bog    Tmut/Pois      7%         N/A       100%        6
 Simulacrum               Ice/Necr       3%         N/A       100%        6
 Monstrous Menagerie      Summ           3%         N/A       100%        7
 Discord                  Hex            3%         N/A       100%        8
 Disjunction              Tloc           3%         N/A       100%        8
 Statue Form              Tmut/Erth      Unusable   N/A       N/A         6

Dungeon Overview and Level Annotations

Branches:
Dungeon (15/15)            Temple (1/1) D:5            Lair (6/6) D:8
 Shoals (2/4) Lair:3       Spider (3/4) Lair:3        Slime (0/5) Lair:5
    Orc (2/2) D:12            Elf (0/3) Orc:2        Vaults (0/5) D:13
 Depths (0/4) D:15          IceCv (visited)         Volcano (visited)

Altars:
Ashenzari
Cheibriados
Dithmenos
Elyvilon
Fedhas
Gozag
Hepliaklqana
Kikubaaqudgha
Makhleb
Nemelex Xobeh
Okawaru
Qazlal
Ru
Sif Muna
Trog
Uskayaw
Vehumet
Wu Jian
Xom
Yredelemnul
Zin
The Shining One
Beogh

Shops:
Orc:2 *[=(   Shoals:1 !

Annotations:
Lair:1 exclusion: oklob plant
Lair:6 exclusion: oklob plant


Innate Abilities, Weirdness & Mutations

You are immune to sickness and miasma.
Your stone body is resilient. (AC +13)
You are immune to poison.
Your large and strong wings let you fly.
You resist negative energy. (rN+)
You are resistant to electric shocks. (rElec)
You are resistant to unholy torment.
You are immune to petrification.


Message History

The merfolk siren chants a haunting song.
You are mesmerised by the merfolk siren!
You hear a shout! x2
Aim: a merfolk siren, wielding a +0 spear (mesmerising, haloed, 80% to hit)
The stone arrow hits the merfolk siren!!
A merfolk aquamancer comes into view. It is wielding a +1 rapier of venom.
Aim: a merfolk siren, wielding a +0 spear (heavily wounded, mesmerising, haloed, 80% to hit)
The stone arrow hits the merfolk siren!!
You are no longer entranced.
You kill the merfolk siren!
A merfolk aquamancer comes into view. It is wielding a +0 rapier. x2
The merfolk aquamancer shouts!
You hear a shout!
The merfolk aquamancer casts a spell at you.
The torrent of water hits you!
You are knocked back by the torrent of water.
The wave splashes down.
You hear a shout! x8
A merfolk comes into view. It is wielding a +0 trident.
The merfolk throws a boomerang.
The boomerang barely misses you.
A merfolk siren comes into view. It is wielding a +0 spear.
The merfolk siren shouts!
The merfolk aquamancer points at you and mumbles some strange words.
The torrent of water misses you.
The wave splashes down.
You hear a shout! x2
The merfolk siren chants a haunting song.
You resist with almost no effort.
The merfolk aquamancer casts a spell at you.
You block the torrent of water.
The wave splashes down.
The merfolk siren chants a haunting song.
You are mesmerised by the merfolk siren!
The merfolk throws a boomerang.
The boomerang hits you but does no damage.
A water nymph comes into view.
The water nymph shouts!
The merfolk siren chants its luring song.
The merfolk throws a boomerang.
The boomerang hits you.
The merfolk siren chants its luring song.
The merfolk aquamancer gestures at you while chanting.
The ball of steam hits you!! You block the merfolk's attack.
You are engulfed in a cloud of scalding steam.
You break out of your daze!
You block the merfolk siren's attack. You block the merfolk's attack.
Aim: a water nymph (haloed, 78% to hit)
The stone arrow hits the water nymph!!!
The merfolk siren hits you but does no damage.
The merfolk aquamancer casts a spell.
The merfolk aquamancer blinks!
A water nymph comes into view.
You block the water nymph's attack. You block the merfolk's attack.
Aim: a water nymph (almost dead, haloed, 78% to hit)
The stone arrow misses the water nymph.
The merfolk siren barely misses you.
The water nymph gestures at you while chanting.
The water rises up and strikes you!
The water nymph gestures at you while chanting.
The water rises up and strikes you!
Aim: a water nymph (almost dead, haloed, 78% to hit)
The stone arrow hits the water nymph!!
You kill the water nymph!
The merfolk siren hits you but does no damage.
The water nymph flows with the water.
Aim: a merfolk siren, wielding a +0 spear (haloed, 80% to hit)
The stone arrow hits the merfolk siren!
A merfolk aquamancer comes into view. It is wielding a +0 rapier.
You block the merfolk siren's attack.
The merfolk hits you but does no damage.
The merfolk aquamancer hits you but does no damage.
The merfolk aquamancer moves out of view.
Aim: a merfolk siren, wielding a +0 spear (moderately wounded, haloed, 80% to hit)
The stone arrow misses the merfolk siren.
The merfolk siren completely misses you.
The water nymph touches you.
The merfolk hits you but does no damage.
The merfolk aquamancer points at you and mumbles some strange words.
The ball of steam hits you!!
* * * LOW HITPOINT WARNING * * *
The merfolk aquamancer hits you but does no damage.
The merfolk siren chants a haunting song.
You resist with almost no effort.
The merfolk siren chants a haunting song.
You are mesmerised by the merfolk siren!
You block the merfolk aquamancer's attack.
The merfolk throws a boomerang.
You block the boomerang.
Okay, then.
Okay, then.
Okay, then.
Your magical effects are unravelling.
You feel magically purged.
You break out of your daze.
The merfolk siren chants a haunting song.
You resist.
You block the merfolk aquamancer's attack.
You block the merfolk aquamancer's attack.
The merfolk aquamancer gestures at you while chanting.
The ball of steam hits you but does no damage.
You are engulfed in a cloud of scalding steam.
The water nymph flows with the water.
The water nymph is engulfed in a cloud of scalding steam.
A manticore comes into view.
The merfolk aquamancer is engulfed in a cloud of scalding steam.
The merfolk aquamancer points at you and mumbles some strange words.
The shard of ice hits you.
* * * LOW HITPOINT WARNING * * *
Aim: a merfolk aquamancer, wielding a +0 rapier and wearing a +0 robe (lightly wounded, haloed, 77% to hit)
The iron shot hits the merfolk aquamancer!!!
Aim: a merfolk aquamancer, wielding a +0 rapier and wearing a +0 robe (severely wounded, haloed, 77% to hit)
The iron shot hits the merfolk aquamancer!!
You kill the merfolk aquamancer!
You hear a splash. x2
The merfolk aquamancer gestures at you while chanting.
The torrent of water hits you!!
* * * LOW HITPOINT WARNING * * *
You are knocked back by the torrent of water.
The wave splashes down.
You hear a shout! x3; You hear an angry hiss.
You hear a shout! x2
Training target 12.0 for Invocations reached!
Your Invocations skill increases to level 12!
Aim: a water nymph (lightly wounded, haloed, 82% to hit)
Okay, then.
Here: a water nymph (lightly wounded, haloed)
Items here: a +0 rapier; a +0 robe; a merfolk corpse.
Some shallow water, summoned.
Okay, then.
Aim: a water nymph (lightly wounded, haloed, 82% to hit)
The blast of sand hits the water nymph!
c - 239 stones
Aim: a water nymph (heavily wounded, haloed, 82% to hit)
The blast of sand hits the water nymph!
c - 238 stones The water nymph closely misses you.
Aim: a water nymph (severely wounded, haloed, 82% to hit)
The blast of sand hits the water nymph!
c - 237 stones You block the water nymph's attack.
Aim: a water nymph (almost dead, haloed, 82% to hit)
The blast of sand hits the water nymph!!
You kill the water nymph!
c - 236 stones
Aim: a merfolk aquamancer, wielding a +1 rapier of venom and wearing a +0 robe (lightly wounded, haloed, 84% to hit)
Okay, then.
Blink to where?
As you read the scroll of blinking, it crumbles to dust.
A merfolk aquamancer comes into view.
It is wielding a +1 rapier of protection.
The merfolk siren chants a haunting song.
You easily resist.
The merfolk aquamancer casts a spell at you.
The torrent of water misses you.
The wave splashes down.
You hear an angry hiss.
The merfolk aquamancer gestures at you while chanting.
The ball of steam hits you!!!
You die...

≈≈≈≈≈≈≈≈≈≈≈≈..P.##.P.P≈≈≈≈≈≈≈..P
≈≈≈≈≈≈≈≈≈≈≈≈.P..#.mP..≈≈≈≈≈≈≈..≈.
≈≈≈≈≈≈≈≈≈≈≈.....#...P.P≈≈≈≈P≈≈≈..
≈≈≈≈≈≈≈≈≈≈...P...mm≈≈P≈≈≈≈≈≈≈≈≈P.
≈≈≈≈≈≈≈≈≈≈≈≈......≈≈≈≈≈≈≈≈≈.P≈≈≈.
≈≈≈≈≈≈≈≈≈≈.≈≈..≈..≈≈≈≈.≈≈≈...≈≈≈.
≈≈≈≈≈≈≈≈≈....###.§.≈≈≈≈≈≈≈≈..P≈..
≈≈≈≈≈≈≈≈≈..≈≈####§.≈≈≈≈.....P.≈≈.
≈≈≈≈≈≈≈≈≈.≈≈≈.##@..≈≈≈........≈≈≈
≈≈≈≈≈≈≈....≈.......≈≈≈.#...≈.....
≈≈≈≈≈≈≈≈........≈..≈≈......≈≈.##.
≈≈≈..≈≈≈..≈........≈≈....#..≈....
≈≈≈≈..≈....).......≈≈..###P......
≈≈....≈........####...## ##...PP.
≈≈..#...###.≈≈.## #...# #.P.≈..
≈≈≈^.....##....(###..## ##.P≈≈.
≈≈≈≈≈.......≈≈..>...<.# ##...†.


There were no monsters in sight!

Vanquished Creatures
  Nikola (Spider:1)
  Arachne (Spider:3)
  Mlioglotl (Spider:1)
  Donald (Spider:3)
  Roxanne (D:14)
  2 emperor scorpions
  A fire giant (D:15)
  An orc warlord (Orc:2)
  A ghost moth (Spider:3)
  A broodmother (Spider:2)
  A dire elephant (Lair:6)
  Nessos (D:15)
  3 entropy weavers (Spider:3)
  Azrael (Spider:3)
  2 merfolk javelineers (Shoals:1)
  Snorg (D:10)
  Josephine (Lair:6)
  3 merfolk impalers
  A vault guard (D:13)
  5 boulder beetles
  An ogre mage (D:11)
  12 hydras
  A death knight (D:13)
  Erolcha (D:9)
  3 catoblepae (Lair:6)
  2 merfolk avatars
  3 centaur warriors
  A merfolk aquamancer (Shoals:2)
  9 two-headed ogres
  3 dancing weapons (D:13)
  9 death yaks
  A satyr (Shoals:2)
  2 alligator snapping turtles (Shoals:1)
  A deep troll earth mage (D:11)
  5 orc high priests
  A fire crab (Lair:5)
  6 skeletal warriors (D:13)
  3 pharaoh ants
  4 sea snakes
  7 steelbarb worms
  A bog body (IceCv)
  6 orb spiders
  A wizard (D:13)
  A lindwurm (Lair:6)
  7 orc knights
  2 deep elf pyromancers
  3 necromancers
  6 spectral wolf spiders (Spider:3)
  3 wolf spider zombies (Spider:3)
  5 orc sorcerers (Orc:2)
  9 wolf spiders
  5 cyclopes
  10 ugly things
  6 harpies (Shoals:1)
  6 manticores
  2 moths of wrath
  10 elephants
  2 ice statues (IceCv)
  7 fauns
  6 merfolk sirens
  A molten gargoyle (Volcano)
  5 black mambas
  4 torpor snails
  Maurice (D:8)
  3 water nymphs
  13 cane toads
  4 gargoyles
  6 kobold demonologists
  5 rime drakes
  Maggie (D:7)
  18 komodo dragons
  An unseen horror (D:12)
  2 entropy weaver simulacra (IceCv)
  2 freezing wraiths (D:13)
  A yaktaur (shapeshifter) (D:14)
  10 demonic crawlers
  2 anaconda simulacra (IceCv)
  2 yaktaurs
  6 ice devils (IceCv)
  A tengu conjurer (D:12)
  8 trolls
  12 meliai
  3 hornets
  2 merfolk
  3 wind drakes (Shoals:1)
  5 polar bears
  3 wolf spider simulacra (Spider:3)
  A meliai (shapeshifter) (D:14)
  10 tarantellas
  4 snapping turtles
  9 dream sheep (Lair:6)
  14 slime creatures
  A meliai zombie (D:11)
  18 jumping spiders
  8 wyverns
  23 culicivoras
  A water elemental (Shoals:1)
  A dire elephant simulacrum (IceCv)
  7 wraiths
  3 vampires
  4 fire elementals
  20 humans (D:13)
  50 yaks
  A vampire mosquito (D:12)
  41 redbacks
  4 basilisks
  5 harpy simulacra (IceCv)
  11 wargs
  2 acid dragons
  Duvessa (D:6)
  5 hell hounds
  13 water moccasins
  5 black bears
  48 orc warriors
  A sky beast (D:7)
  A necrophage (D:8)
  6 boggarts
  8 ogres
  8 wolves
  10 centaurs
  7 kobold brigands
  9 bullfrogs
  5 gnoll sergeants (D:9)
  2 wyvern skeletons
  2 two-headed ogre simulacra (IceCv)
  4 scorpions
  Dowan (D:6)
  11 killer bees
  A water moccasin skeleton (D:6)
  4 wights (D:8)
  4 electric eels
  9 howler monkeys
  3 centaur zombies
  7 hounds
  2 jellies
  35 orc priests
  Ijyb (D:5)
  10 gnoll shamans
  Jessica (D:3)
  52 orc wizards
  2 iguanas
  7 hell rats (Lair:4)
  A polar bear simulacrum (IceCv)
  A killer bee zombie (D:7)
  Robin (D:2)
  22 gnolls
  6 adders
  A howler monkey skeleton (D:5)
  A white imp (IceCv)
  3 ufetubi
  An adder skeleton (D:4)
  4 worms
  106 orcs
  4 endoplasms
  A giant cockroach (D:3)
  9 hobgoblins
  7 jackals
  6 quokkas
  11 ball pythons
  7 bats
  2 frilled lizards
  18 goblins
  30 kobolds
  3 rats
1095 creatures vanquished.

Vanquished Creatures (collateral kills)
  Agnes (Spider:2)
  A wolf spider (Spider:1)
  A redback (Spider:2)
3 creatures vanquished.

Vanquished Creatures (others)
  A manticore (D:15)
  A bush (Lair:6)
  29 fungi
  55 plants
86 creatures vanquished.

Grand Total: 1184 creatures vanquished

Notes
Turn   | Place    | Note
-------+----------+-------------------------------------------
     0 | D:1      | CryoSword the Gargoyle Earth Elementalist began the quest
                  | for the Orb.
     0 | D:1      | Reached XP level 1. HP: 10/10 MP: 3/3
   283 | D:1      | Reached XP level 2. HP: 13/16 MP: 0/5
   476 | D:1      | Reached skill level 4 in Earth Magic
   955 | D:1      | Found a faded altar of an unknown god.
  1108 | D:2      | Reached XP level 3. HP: 17/20 MP: 6/6
  1138 | D:1      | Reached skill level 1 in Fighting
  1576 | D:2      | Noticed Robin
  2154 | D:2      | Killed Robin
  2155 | D:2      | Reached skill level 1 in Maces & Flails
  2155 | D:2      | Reached XP level 4. HP: 25/25 MP: 5/7
  2464 | D:2      | Learned a level 2 spell: Passwall
  2468 | D:2      | Learned a level 3 spell: Stone Arrow
  3445 | D:3      | Reached XP level 5. HP: 29/29 MP: 8/8
  3618 | D:3      | Noticed Jessica
  3625 | D:3      | Killed Jessica
  3626 | D:3      | Reached skill level 5 in Earth Magic
  3993 | D:3      | Identified a scroll of acquirement
  3993 | D:3      | Acquired a staff of earth
  4036 | D:3      | Found a white marble altar of Elyvilon.
  4047 | D:3      | Became a worshipper of Elyvilon the Healer
  4104 | D:4      | Noticed an ogre
  4107 | D:4      | Killed an ogre
  4108 | D:4      | Reached XP level 6. HP: 35/35 MP: 5/9
  4952 | D:4      | Reached * piety under Elyvilon
  5020 | D:4      | Reached skill level 1 in Transmutations
  5022 | D:4      | Reached skill level 1 in Staves
  5114 | D:4      | Noticed a black bear
  5219 | D:4      | Killed a black bear
  5220 | D:4      | Reached skill level 1 in Shields
  5220 | D:4      | Reached skill level 1 in Conjurations
  5220 | D:4      | Reached XP level 7. HP: 40/40 MP: 9/11
  5335 | D:5      | Entered Level 5 of the Dungeon
  5353 | D:5      | Reached skill level 6 in Earth Magic
  5460 | D:5      | Noticed Ijyb
  5463 | D:5      | Killed Ijyb
  5943 | D:5      | Found a staircase to the Ecumenical Temple.
  5952 | Temple   | Entered the Ecumenical Temple
  6109 | Temple   | Fell from the grace of Elyvilon
  6109 | Temple   | Became a worshipper of the Shining One
  6515 | D:5      | Reached * piety under the Shining One
  6740 | D:5      | Reached XP level 8. HP: 42/46 MP: 10/12
  6954 | D:6      | Noticed Duvessa
  6954 | D:6      | Noticed Dowan
  7069 | D:6      | Killed Duvessa
  7070 | D:6      | Reached skill level 7 in Earth Magic
  7081 | D:6      | Killed Dowan
  7720 | D:7      | Reached XP level 9. HP: 52/52 MP: 12/14
  7778 | D:7      | Reached ** piety under the Shining One
  7914 | D:7      | Reached skill level 5 in Shields
  7919 | D:7      | Reached skill level 8 in Earth Magic
  7924 | D:7      | Reached skill level 5 in Conjurations
  8370 | D:7      | Reached skill level 5 in Fighting
  8370 | D:7      | Reached skill level 9 in Earth Magic
  8533 | D:7      | Reached XP level 10. HP: 59/59 MP: 10/16
  8665 | D:7      | Noticed Maggie
  8669 | D:7      | Killed Maggie
  8723 | D:7      | Found an ornate altar of the Wu Jian Council.
  9009 | D:8      | Noticed Maurice
  9395 | D:8      | Reached skill level 1 in Armour
  9552 | D:8      | Killed Maurice
  9877 | D:8      | Found a staircase to the Lair.
  9939 | D:8      | Reached skill level 10 in Earth Magic
  9939 | D:8      | Reached *** piety under the Shining One
 10556 | D:8      | Learned a level 4 spell: Petrify
 10674 | D:9      | Reached skill level 5 in Staves
 10769 | D:9      | Reached XP level 11. HP: 51/64 MP: 17/17
 11008 | D:9      | Reached **** piety under the Shining One
 11070 | D:9      | Noticed a sixfirhy
 11082 | D:9      | Noticed an orc knight
 11189 | D:9      | Reached skill level 11 in Earth Magic
 11206 | D:9      | Noticed Erolcha
 11211 | D:9      | Killed Erolcha
 11302 | D:9      | Killed an orc knight
 11425 | D:9      | Noticed a sixfirhy
 11454 | D:9      | Noticed a cyclops
 11463 | D:9      | Killed a cyclops
 11488 | D:9      | Noticed a two-headed ogre
 11495 | D:9      | Killed a two-headed ogre
 11555 | D:9      | Reached skill level 1 in Invocations
 11558 | D:9      | Reached ***** piety under the Shining One
 11758 | D:9      | Noticed a two-headed ogre
 11764 | D:9      | Killed a two-headed ogre
 11765 | D:9      | Reached XP level 12. HP: 72/72 MP: 15/18
 12177 | D:10     | Entered Level 10 of the Dungeon
 12292 | D:10     | Noticed Snorg
 12300 | D:10     | Killed Snorg
 12301 | D:10     | Reached skill level 12 in Earth Magic
 12985 | D:11     | Noticed a deep troll earth mage
 12985 | D:11     | Noticed an ogre mage
 12988 | D:11     | Noticed a five-headed hydra
 13210 | D:11     | Killed a deep troll earth mage
 13211 | D:11     | Reached skill level 5 in Armour
 13284 | D:11     | Killed a five-headed hydra
 13285 | D:11     | Reached skill level 10 in Conjurations
 13335 | D:11     | Killed an ogre mage
 13399 | D:11     | Noticed a two-headed ogre
 13410 | D:11     | Killed a two-headed ogre
 13514 | D:11     | Reached skill level 5 in Spellcasting
 13714 | D:11     | Got Honoived's Reference Book on Fire
 13826 | Lair:1   | Entered Level 1 of the Lair of Beasts
 13895 | Lair:1   | Noticed an eight-headed hydra
 13900 | Lair:1   | Killed an eight-headed hydra
 14016 | Lair:1   | Noticed a seven-headed hydra
 14020 | Lair:1   | Killed a seven-headed hydra
 14110 | Lair:1   | Reached XP level 13. HP: 79/79 MP: 13/20
 14196 | Lair:1   | Reached skill level 13 in Earth Magic
 14196 | Lair:1   | Reached skill level 5 in Invocations
 14903 | Lair:2   | Found a frozen archway.
 14920 | IceCv    | Entered an ice cave
 15328 | IceCv    | Reached ****** piety under the Shining One
 16182 | Lair:3   | Found a dark tunnel.
 16196 | Volcano  | Entered a volcano
 16458 | Lair:3   | Found a staircase to the Shoals.
 17008 | Lair:3   | Reached skill level 10 in Fighting
 17014 | Lair:3   | Found a hole to the Spider Nest.
 17031 | Lair:3   | Reached skill level 14 in Earth Magic
 17518 | Lair:4   | Gained mutation: Your large and strong wings let you fly.
                  | [Gargoyle growth]
 17518 | Lair:4   | Reached XP level 14. HP: 72/88 MP: 21/21
 19402 | Lair:5   | Reached skill level 15 in Earth Magic
 19620 | Lair:5   | Found a staircase to the Slime Pits.
 19886 | Lair:6   | Entered Level 6 of the Lair of Beasts
 20467 | Lair:6   | Reached skill level 1 in Evocations
 20958 | Lair:6   | Reached XP level 15. HP: 52/95 MP: 11/22
 21497 | Lair:6   | Noticed Josephine
 21521 | Lair:6   | Killed Josephine
 22472 | D:12     | HP: 4/96 [gargoyle/stone arrow (23)]
 22799 | D:12     | Reached skill level 10 in Invocations
 23660 | D:12     | Identified the +11 trident of the Feather {drain, rF- Int+5
                  | Stlth+}
 23683 | D:12     | Found a staircase to the Orcish Mines.
 23828 | D:13     | Found a runed translucent door.
 24422 | D:13     | Reached XP level 16. HP: 103/103 MP: 24/24
 24606 | D:13     | HP: 3/103 [freezing wraith[a death knight] (15)]
 24832 | D:13     | Found a gate to the Vaults.
 24847 | D:13     | Learned a level 6 spell: Iron Shot
 25095 | D:13     | Found a hide-covered altar of Uskayaw.
 25124 | D:13     | Reached skill level 16 in Earth Magic
 25164 | D:13     | Identified a +7 sacred scourge of holy wrath (a +5 demon
                  | whip of pain blessed by the Shining One)
 25164 | D:13     | Received a gift from the Shining One
 25593 | D:14     | Identified Roxanne's Compendium of the Rocks
 25593 | D:14     | Noticed Roxanne
 26129 | D:14     | Killed Roxanne
 26219 | D:15     | Entered Level 15 of the Dungeon
 26232 | D:15     | Noticed Nessos
 26242 | D:15     | Killed Nessos
 26707 | D:15     | Found a staircase to the Depths.
 27714 | Orc:1    | Entered Level 1 of the Orcish Mines
 28546 | Orc:2    | Entered Level 2 of the Orcish Mines
 28826 | Orc:2    | Reached skill level 10 in Shields
 29168 | Orc:2    | Reached skill level 5 in Maces & Flails
 29915 | Orc:2    | Found a staircase to the Elven Halls.
 29922 | Orc:2    | Found an iron altar of Okawaru.
 30092 | Orc:2    | Found Buahuxyo's General Store.
 30093 | Orc:2    | Found Rufouts's Jewellery Shop.
 30095 | Orc:2    | Found Bonu's Antique Armour Shop.
 30095 | Orc:2    | Found Fepnoeck's Antique Weapon Boutique.
 30356 | Orc:2    | Bought a ring of magical power for 260 gold pieces
 30654 | Spider:1 | Entered Level 1 of the Spider Nest
 30777 | Spider:1 | Noticed Mlioglotl
 30784 | Spider:1 | Killed Mlioglotl
 30952 | Spider:1 | Noticed Nikola
 30964 | Spider:1 | Killed Nikola
 31164 | Spider:1 | Reached XP level 17. HP: 98/109 MP: 26/26
 33306 | Spider:3 | Identified the ring of Propriety {AC+4 Str+3 Slay+3 Stlth+}
 33376 | Spider:3 | Noticed Agnes
 33421 | Spider:2 | Killed Agnes
 33573 | Spider:1 | HP: 4/111 [meliai/divine providence (9)]
 33861 | Spider:3 | Noticed Arachne
 33886 | Spider:3 | Killed Arachne
 34190 | Spider:3 | Identified the +8 mace "Uhuyq" {speed, rPois Dex+6}
 34210 | Spider:3 | HP: 5/112 [meliai/the +8 mace "Uhuyq" {speed, rPois Dex+6}
                  | (5)]
 34640 | Spider:3 | Reached skill level 17 in Earth Magic
 34685 | Spider:3 | Noticed Donald
 34699 | Spider:3 | Killed Donald
 34960 | Spider:3 | Reached skill level 15 in Conjurations
 35001 | Spider:3 | Noticed Azrael
 35364 | Spider:3 | Killed Azrael
 35508 | Shoals:1 | Entered Level 1 of the Shoals
 35508 | Shoals:1 | Found Iggaezer's Distillery.
 35592 | Shoals:1 | Bought a potion of brilliance for 44 gold pieces
 35592 | Shoals:1 | Bought 2 potions of cancellation for 176 gold pieces
 35629 | Shoals:1 | Reached XP level 18. HP: 111/117 MP: 8/27
 35990 | Shoals:1 | Identified the +0 scale mail "Kepuky" {*Corrode rC+++
                  | Str-5}
 36136 | Shoals:1 | Found a white marble altar of Elyvilon.
 36463 | Shoals:1 | Reached skill level 10 in Armour
 36699 | Shoals:1 | Found a glowing golden altar of the Shining One.
 37199 | Shoals:2 | Killed from afar by a merfolk aquamancer

Illustrated notes

Levels and vault maps discovered:
D:1:      dpeg_arrival_brainrot, layout_rooms,
          shapermc_ecumenical_altar_mp_vishouse
D:2:      layout_loops_ring, uniq_robin
D:3:      layout_basic, nicolae_elyvilon_temple_path, kennysheep_jessica_study
D:4:      minmay_skewed_foursquare, layout_basic
D:5:      layout_basic, minmay_temple_entry_antechambers, uniq_ijyb
D:6:      layout_loops_cross, uniq_duvessa
D:7:      layout_basic, pdpol_wu_jian_five_deadly_venoms, uniq_maggie
D:8:      layout_layer_cave, erik_lair_island, uniq_maurice
D:9:      lemuel_castle_with_subvaults [lemuel_castle_interior_carwin_3],
          layout_irregular_city, uniq_erolcha
D:10:     layout_long_grid, uniq_snorg
D:11:     layout_irregular_city, onia_ninara_dug_in_and_dangerous
D:12:     nzn_winding_woodlands_three_and_one [nzn_winding_woodlands_5x15_twine,
          nzn_winding_woodlands_5x15_concentric,
          nzn_winding_woodlands_5x15_jagged,
          nzn_winding_woodlands_center_triple_pond], layout_basic,
          hiddenorc1_lemuel, minivault_14
D:13:     layout_roguey, grunt_vaults_entry_tiered, nicolae_danse_macabre
D:14:     layout_big_octagon, minmay_holes, uniq_roxanne
D:15:     grunt_enter_depths_giant_problem, layout_basic,
          hangedman_abyss_or_decor_stagger, uniq_nessos
Temple:   regret_index_temple_chain_breaker
Lair:1:   dpeg_oklob_gauntlet, layout_cave_pods, grunt_megastairs_5
Lair:2:   layout_hall_layers, portal_ice_cave_entry_pillars_1
Lair:3:   layout_cave_pods, minmay_shoals_entry_centaurs,
          nicolae_spider_entry_tight_spaces, enter_volcano_3, minivault_11
Lair:4:   layout_hall_layers
Lair:5:   layout_regular_city, minmay_slime_entry_pillars, st_stairs_8,
          beast_lair_carwin_10, infiniplex_staircase_pool
Lair:6:   hangedman_lair_in_review, layout_regular_city, uniq_josephine
Shoals:1: layout_shoals, serial_shops, shop, hangedman_feature_mirror
Shoals:2: layout_shoals, nicolae_splish_splash
Spider:1: layout_spider_delve, drop_trap, uniq_mlioglotl, uniq_nikola
Spider:2: layout_spider_delve, nicolae_spider_webbed_stairs
Spider:3: layout_spider_delve, nicolae_spider_undead_wolf_pack, uniq_agnes,
          uniq_arachne, uniq_azrael, uniq_donald
Orc:1:    layout_caves, basic_altar
Orc:2:    st_orc_congregation, layout_caves, okawaru_metal_pillars_1_2

Skill      XL: |  1  2  3  4  5  6  7  8  9 10 11 12 13 14 15 16 17 18 |
---------------+-------------------------------------------------------+-----
Earth Magic    | 4 5 6 7 9 10 11 12 14 15 16 17 | 17.6
Fighting       | 1 2 3 5 6 7 8 10 11 12 13 14 | 14.7
Maces & Flails | 1 3 6 8 |  8.5
Dodging        | 2 3 |  3.0
Stealth        | 3 |  3.4
Transmutations | 1 2 3 |  3.0
Staves         | 1 2 4 5 6 7 |  7.1
Shields        | 1 3 4 6 7 8 9 10 11 | 11.5
Conjurations   | 1 3 4 6 7 9 10 12 13 14 15 | 15.5
Spellcasting   | 3 4 5 6 |  6.0
Armour         | 2 4 6 7 8 9 10 | 10.1
Invocations    | 1 4 7 9 10 11 12 | 12.0
Evocations     | 1 3 4 |  4.0

Action                   |  1- 3 |  4- 6 |  7- 9 | 10-12 | 13-15 | 16-18 || total
-------------------------+-------+-------+-------+-------+-------+-------++-------
Melee: Whip              |    41 |       |       |       |       |       ||    41
       Dagger            |    34 |    77 |       |   472 |   571 |       ||  1154
       Punch             |     2 |     3 |       |       |       |       ||     5
       Flail             |    22 |       |       |       |   271 |    44 ||   337
       Staff             |       |    31 |    18 |    16 |   118 |       ||   183
       Sacred scourge    |       |       |       |       |       |   640 ||   640
 Cast: Sandblast         |    23 |    41 |   104 |    92 |   101 |   292 ||   653
       Stone Arrow       |       |       |    26 |   108 |   472 |   436 ||  1042
       Petrify           |       |       |       |       |     2 |     8 ||    10
       Iron Shot         |       |       |       |       |       |   128 ||   128
Invok: Divine Shield     |       |       |       |       |     3 |     4 ||     7
       Cleansing Flame   |       |       |       |       |       |     7 ||     7
       Summon Divine War |       |       |       |       |       |     2 ||     2
       Brand Weapon With |       |       |       |       |       |     1 ||     1
Evoke: Wand              |       |       |       |     2 |       |       ||     2
       Phantom mirror    |       |       |       |       |       |     1 ||     1
  Use: Scroll            |       |    11 |     2 |     6 |    13 |     7 ||    39
       Potion            |       |       |       |       |     1 |     8 ||     9
 Stab: Sleeping          |     3 |     9 |       |       |       |       ||    12
Armor: Robe              |    57 |    17 |    27 |       |       |       ||   101
       Leather armour    |       |    24 |       |       |     1 |       ||    25
       Troll leather arm |       |       |       |   390 |   859 |   890 ||  2139
       Steam dragon scal |       |       |       |    17 |       |       ||    17
Dodge: Dodged            |   114 |    47 |    21 |   350 |   596 |   644 ||  1772
Block: Kite shield       |       |    14 |    41 |   415 |   819 |   863 ||  2152
